Map: Rhoskallian LE

Players

qqq - Winner!

  • Race: Zerg Zerg
  • League: Platinum
  • Spawn Location: 5:00

Massa - Winner!

  • Race: Terran Terran
  • League: Platinum
  • Spawn Location: 6:00

MIF

  • Race: Zerg Zerg
  • Spawn Location: 12:00

Daxaka

  • Race: Zerg Zerg
  • Spawn Location: 11:00

VOD

Have the link to the VOD?

Description

Time

  • Played on: Nov. 22, 2020, 6:54 a.m.
  • Length: 5:39
Show
View Real Time Build Order
Export as new Build Order

qqq Zerg - Winner!

Build Orders: Hatch First 

Get SALT Encoding   

  12  0:00  Drone  
  13  0:13  Drone  
  14  0:27  Overlord  
  14  0:50  Hatchery  
  14  0:51  Drone  
  14  0:53  Drone  
  15  0:57  Drone  
  16  1:15  Spawning Pool  
  15  1:37  Drone x3  
  15  1:39  Extractor  
  17  1:51  Drone  
  18  2:00  Drone  
  19  2:02  Queen  
  19  2:04  Queen  
  23  2:14  Drone  
  24  2:15  Drone x2  
  26  2:23  Drone  
  26  2:24  Drone  
  28  2:31  Extractor  
  28  2:33  Overlord  
  27  2:45  Overlord  
  27  2:46  Metabolic Boost  
  27  2:50  Drone  
  28  2:56  Zergling x2  
  28  2:57  Drone x2  
  31  3:04  Baneling Nest  
  31  3:05  Zergling x2  
  31  3:09  Zergling x2  
  32  3:23  Zergling x6  
  32  3:24  Zergling x2  
  32  3:25  Zergling x2  
  32  3:26  Zergling x2  
  38  3:42  Zergling x2  
  38  3:43  Zergling x4  
  41  3:49  Baneling x2  
  41  3:50  Baneling  
  38  3:59  Zergling x10  
  38  4:00  Zergling x8  
  42  4:08  Zergling x2  
  40  4:11  Zergling x2  
  38  4:30  Baneling x4  
  38  4:31  Zergling x6  
  40  4:32  Zergling x2  
  42  4:41  Zergling x2  
  42  4:42  Overlord  
  43  4:47  Zergling x2  
  44  4:59  Overlord  
  44  5:04  Hatchery  
  37  5:17  Zergling x12  
  37  5:18  Drone  
Show
View Real Time Build Order
Export as new Build Order

Massa Terran - Winner!

Build Orders:  

Get SALT Encoding   

  12  0:00  SCV  
  13  0:12  SCV  
  14  0:24  SCV, Supply Depot  
  15  0:39  Refinery  
  15  0:45  SCV  
  15  0:47  Barracks  
  16  0:57  SCV  
  16  1:00  Supply Depot  
  17  1:12  Barracks  
  17  1:17  SCV  
  18  1:27  Supply Depot  
  18  1:31  SCV  
  19  1:44  SCV, Barracks Tech Lab  
  20  1:58  SCV  
  20  1:59  Barracks  
  21  2:07  Marine  
  22  2:10  Stimpack  
  22  2:18  Marine  
  23  2:25  Marine  
  24  2:36  Marine  
  25  2:37  Orbital Command  
  25  2:44  Marauder  
  27  2:47  Supply Depot  
  27  2:52  Marine  
  27  2:55  Marine  
  29  3:05  Marauder  
  31  3:10  Marine  
  32  3:13  Supply Depot  
  32  3:16  Marine  
  33  3:26  Marauder  
  35  3:28  Marine  
  36  3:34  Marine  
  37  3:46  Marine  
  37  3:48  Marauder  
  40  3:52  Marine  
  40  4:03  Marine  
  40  4:09  Marauder  
  43  4:10  Marine  
  44  4:21  Marine  
  45  4:28  Marine  
  45  4:31  Marauder  
  48  4:35  Factory  
  48  4:39  Marine  
  49  4:45  Marine  
  49  4:52  Marauder  
  52  4:55  Supply Depot  
  52  4:57  Marine  
  53  5:03  Marine  
  54  5:16  Marauder  
Show
View Real Time Build Order
Export as new Build Order

MIF Zerg 

Build Orders: Pool First, Zergling Baneling 

Get SALT Encoding   

  12  0:02  Drone  
  13  0:14  Overlord  
  13  0:21  Drone  
  14  0:33  Drone x2  
  16  0:42  Drone  
  17  0:44  Extractor  
  17  0:48  Drone  
  17  0:53  Spawning Pool  
  16  1:18  Hatchery  
  15  1:23  Drone  
  16  1:29  Overlord  
  16  1:42  Queen  
  16  1:43  Drone  
  19  1:52  Zergling x2  
  20  1:54  Zergling x2  
  21  2:02  Metabolic Boost  
  21  2:10  Zergling x4  
  23  2:19  Zergling x2  
  24  2:27  Baneling Nest  
  23  2:33  Zergling x4  
  25  2:44  Zergling x4  
  25  2:48  Queen  
  30  3:20  Drone x7  
  36  3:34  Baneling x7  
  36  3:36  Baneling  
  27  4:16  Drone  
  28  4:17  Drone x5  
  33  4:24  Extractor, Lair  
  32  4:34  Queen  
  32  4:38  Spine Crawler  
  33  4:39  Overlord  
  33  4:49  Spine Crawler, Zergling x8  
  36  4:58  Zergling x12  
  36  4:59  Zergling x2  
Show
View Real Time Build Order
Export as new Build Order

Daxaka Zerg 

Build Orders: Pool First 

Get SALT Encoding   

  12  0:00  Drone  
  13  0:12  Overlord  
  13  0:18  Drone  
  14  0:31  Drone x2  
  14  0:34  Drone  
  17  0:38  Extractor  
  16  0:46  Drone  
  17  0:56  Spawning Pool  
  16  1:00  Drone  
  17  1:07  Drone  
  18  1:30  Hatchery  
  18  1:32  Drone  
  18  1:36  Drone  
  19  1:48  Drone  
  21  2:01  Queen  
  22  2:02  Overlord  
  22  2:16  Overlord  
  22  2:28  Zergling x2  
  22  2:29  Metabolic Boost  
  23  2:34  Zergling x2  
  24  2:39  Queen  
  24  2:42  Zergling x2  
  26  2:45  Zergling x2  
  26  2:48  Queen  
  29  2:54  Zergling x2  
  29  2:55  Zergling x2  
  31  3:04  Overlord  
  31  3:26  Zergling x6  
  31  3:27  Zergling x2  
  36  3:34  Zergling x4  
  36  3:38  Zergling x4  
  39  3:43  Lair  
  31  4:22  Roach Warren  
  25  4:30  Extractor, Overlord x3  
  23  5:03  Roach x6  
  23  5:04  Roach x3  
  23  5:05  Roach  
  43  5:12  Roach  
Tags
 
Add a new tag
Caveats
  • Supply blocks, unpowered buildings, or Contaminate may cause inaccurate times.
  • Supply counts are checked every 10 seconds.